 Dungeon Crawl Stone Soup version 0.26.0-10-g1f06aea511 (webtiles) character file.

Game seed: 3334423087987087367

91 sanka the Caller (level 4, -1/31 HPs)
             Began as a Barachi Hedge Wizard on Jan 22, 2021.
             Slain by a goblin (3 damage)
             ... on level 2 of the Dungeon.
             The game lasted 00:04:15 (2421 turns).

sanka the Caller (Barachi Hedge Wizard)             Turns: 2421, Time: 00:04:16

Health: -1/31      AC:  5    Str: 12    XL:     4   Next: 57%
Magic:  10/10      EV: 12    Int: 15    God:
Gold:   149        SH:  0    Dex: 11    Spells: 8/11 levels left

rFire    . . .     SeeInvis +   a - +2 dagger (drain)
rCold    . . .     Faith    .   (no shield)
rNeg     . . .     Spirit   .   b - +0 robe
rPois    .         Reflect  .   j - +1 helmet {SInv}
rElec    .         Harm     .   (no cloak)
rCorr    .         Rampage  .   t - +0 pair of gloves
Will     .....                  (no boots)
Stlth    +++.......             (no amulet)
HPRegen  0.10/turn              (no ring)
MPRegen  0.12/turn              s - ring of stealth

@: lethally poisoned (-1 -> -4), attractive, slow
A: +LOS, swims, slowness 1, strong legs 1
a: Hop


You were on level 2 of the Dungeon.
You visited 1 branch of the dungeon, and saw 2 of its levels.

You collected 149 gold pieces.


Innate Abilities, Weirdness & Mutations

You can be seen from farther away. (+LOS)
You can swim through water.
You cover ground slowly.
You can hop short distances.


   Skills:
 - Level 0.4 Fighting
 - Level 2.3 Dodging
 - Level 1.7 Stealth
 - Level 4.0 Spellcasting
 - Level 1.1 Conjurations
 + Level 4.2 Summonings
 - Level 1.1 Translocations


You had 8 spell levels left.
You knew the following spells:

 Your Spells              Type           Power        Failure   Level
x - Call Imp              Summ           15%          4%          2
z - Magic Dart            Conj           24%          12%         1

Your spell library contained the following spells:

 Spells                   Type           Power        Failure   Level
 Blink                    Tloc           N/A          17%         2
 Slow                     Hex            3%           26%         2
 Conjure Flame            Conj/Fire      4%           41%         3
 Mephitic Cloud           Conj/Pois/Air  4%           43%         3

Inventory:

Hand Weapons
 a - a +2 dagger of draining (weapon)
 l - a +0 short sword
 o - a +0 mace
 p - a +0 dagger
Armour
 b - a +0 robe (worn)
 j - a +1 helmet of see invisible (worn)
 t - a +0 pair of gloves (worn)
Jewellery
 s - a ring of stealth (right hand)
Scrolls
 d - 2 scrolls of remove curse {unknown}
 i - 2 scrolls of enchant armour {unknown}
 k - a scroll of fog {unknown}
 m - 2 scrolls of teleportation {unknown}
 n - 2 scrolls of identify {unknown}
 q - a scroll of magic mapping {unknown}
Potions
 e - a potion of cancellation
 f - 2 potions of haste {@q3}
 r - a potion of mutation {unknown}

Dungeon Overview and Level Annotations

Branches:
Dungeon (2/15)

Altars:

▒.▒▒▒▒▒.......▒▒
▒▒▒▒▒▒▒▒.▒▒....▒...▒..▒
▒▒▒.............†..▒▒▒▒.▒
▒...▒▒▒▒▒▒.▒...▒.)▒▒ ▒.▒
▒▒▒▒▒▒▒▒.▒▒▒ ▒....▒)..▒▒ ▒.▒
▒▒........▒▒▒▒▒▒▒..▒▒▒.▒▒▒▒▒▒▒▒.▒
.................................
▒▒▒▒▒▒▒▒▒.......▒▒.▒▒.▒▒▒▒▒▒▒▒▒▒.
▒......gF(...(▒▒▒▒▒▒▒▒▒▒.
▒▒....▒▒▒▒..........<▒▒..
▒.▒▒......▒▒▒▒▒▒▒▒▒..†..
...▒▒▒▒▒▒.▒▒▒▒..▒.▒ ▒.....
..Sg......▒ ▒....▒▒ ▒▒.▒▒..
(......S▒▒▒▒▒▒.▒...▒ ▒..▒▒..
.▒▒▒▒▒.........▒.▒.▒ ▒▒.▒▒▒..
▒▒▒▒▒▒▒...▒...▒▒ ▒..▒ ▒▒▒
▒.▒......▒▒▒▒▒.▒▒


You could see a goblin.


Message History

You barely miss the goblin. The goblin hits you but does no damage.
You completely miss the goblin.
You feel sick. The goblin hits you but does no damage.
You barely miss the goblin. The goblin hits you.
* * * LOW HITPOINT WARNING * * *
You closely miss the goblin.
* * * LOW HITPOINT WARNING * * *
You feel sick. The goblin hits you but does no damage.
It was a potion of haste.
You feel yourself speed up. The goblin barely misses you.
It was a potion of cancellation.
Your magical effects are unravelling.
You feel magically purged.
You feel yourself slow down.
It was a potion of magic.
Magic courses through your body.
* * * LOW HITPOINT WARNING * * *
You feel sick. The goblin hits you.
* * * LOW HITPOINT WARNING * * *
Unknown command.
It was a potion of attraction.
You feel attractive to monsters. The goblin hits you.
You die...

Action                   |  1- 3 |  4- 6 || total
-------------------------+-------+-------++-------
Melee: Dagger            |    29 |    36 ||    65
       Mace              |     4 |       ||     4
 Cast: Magic Dart        |    79 |     8 ||    87
       Call Imp          |     5 |       ||     5
 Abil: Hop               |     1 |       ||     1
  Use: Potion            |       |     4 ||     4
 Stab: Sleeping          |     3 |       ||     3
Armor: Robe              |     8 |    14 ||    22
Dodge: Dodged            |    26 |    18 ||    44

Levels and vault maps discovered:
D:1:      evilmike_arrival_hilbert_curve, layout_loops_ring,
          hangedman_decor_lopped, minmay_tetromino_i4
D:2:      layout_rooms, uniq_natasha

Notes
Turn   | Place    | Note
-------+----------+-------------------------------------------
     0 | D:1      | sanka the Barachi Hedge Wizard began the quest for the Orb.
     0 | D:1      | Reached XP level 1. HP: 13/13 MP: 4/4
   262 | D:1      | Reached XP level 2. HP: 15/19 MP: 6/6
   289 | D:1      | Reached skill level 4 in Spellcasting
   846 | D:1      | Reached skill level 2 in Summonings
   927 | D:1      | Reached XP level 3. HP: 24/24 MP: 1/8
  1445 | D:1      | Learned a level 2 spell: Call Imp
  1744 | D:2      | Reached skill level 3 in Summonings
  1924 | D:2      | Reached XP level 4. HP: 29/30 MP: 1/10
  2276 | D:2      | Reached skill level 4 in Summonings
  2417 | D:2      | HP: 3/31 [poisoned by an adder]
  2420 | D:2      | HP: 1/31 [goblin (1)]
  2421 | D:2      | Slain by a goblin

Vanquished Creatures
  4 adders (D:2)
  An ooze (D:2)
  2 worms
  A ball python (D:1)
  4 goblins
  4 hobgoblins
  4 jackals (D:1)
  8 kobolds
  7 bats
  4 frilled lizards (D:1)
  3 rats
42 creatures vanquished.

Vanquished Creatures (collateral kills)
  A worm (D:1)
  A hobgoblin (D:1)
2 creatures vanquished.

Grand Total: 44 creatures vanquished

Table legend: (Time is in decaauts)
 A = Elapsed time spent in this place.
 B = Non-inter-level travel time spent in this place.
 C = Inter-level travel time spent in this place.
 D = Time resting spent in this place.
 E = Time spent auto-exploring this place.
 F = Levels seen in this place.
 G = Mean time per level.
                   A        B        C        D        E       F      G
               +--------+--------+--------+--------+--------+-----+--------+
         Total |   2608 |   2493 |    115 |   1165 |    904 |   2 | 1304.0 |
       Dungeon |   2608 |   2493 |    115 |   1165 |    904 |   2 | 1304.0 |
               +--------+--------+--------+--------+--------+-----+--------+

Top non-repeatable levels by time:
     D:1: 1819 daAuts
     D:2: 789 daAuts
